 Dungeon Crawl Stone Soup version 0.32-a0-640-gc5db3fc80f (webtiles) character file.

Game seed: 2809262510823052997

5406 funkygono the Thaumaturge (level 10, 0/51 HPs)
             Began as a Deep Elf Fire Elementalist on Mar 7, 2024.
             Was a Believer of Sif Muna.
             Slain by a gnoll sergeant
             ... wielding the +3 trident "Ytuxeifamp" {venom, Fly Will- Str+7}
              (9 damage)
             ... on level 8 of the Dungeon.
             The game lasted 00:17:52 (10335 turns).

funkygono the Thaumaturge (DEFE)                   Turns: 10335, Time: 00:17:53

Health: 0/51       AC:  9    Str:  5    XL:     10   Next: 40%
Magic:  9/29       EV: 17    Int: 25    God:    Sif Muna [**....]
Gold:   122        SH:  0    Dex: 15    Spells: 24/35 levels left

rFire   + . .        c - staff of fire
rCold   . . .        (no shield)
rNeg    . . .        x - +2 leather armour {rPois}
rPois   +            (no helmet)
rElec   .            t - +2 cloak
rCorr   .            b - +0 pair of gloves {infuse}
SInv    .            (no boots)
Will    +....        (no amulet)
Stlth   ++           i - +5 ring of evasion
HPRegen 0.28/turn    (no ring)
MPRegen 0.21/turn

%: infuse magic (1 MP)
@: no status effects
A: no striking features
a: Renounce Religion, Channel Magic


You were on level 8 of the Dungeon.
You worshipped Sif Muna.
Sif Muna was pleased with you.
You visited 2 branches of the dungeon, and saw 9 of its levels.
You also visited: Sewer.

You collected 302 gold pieces.
You spent 180 gold pieces at shops.

Inventory:

Hand Weapons
 f - a +1 dagger
Missiles
 q - 3 throwing nets
Armour
 a - a +0 robe
 b - a +0 pair of gloves of infusion (worn)
 p - a +3 scale mail
 t - a +2 cloak (worn)
 x - a +2 leather armour of poison resistance (worn)
Magical Staves
 c - a staff of fire (weapon)
Jewellery
 i - a +5 ring of evasion (left hand)
Talismans
 k - a flux talisman
 u - a maw talisman
Wands
 r - a wand of polymorph (13)
 A - a wand of iceblast (10)
 D - a wand of paralysis (4)
Scrolls
 d - 2 scrolls of amnesia
 n - a scroll of noise
 w - a scroll of fog
 y - 3 scrolls of teleportation
 B - a scroll of identify
 C - a scroll of torment {unknown}
Potions
 e - a potion of heal wounds
 g - a potion of ambrosia
 h - a potion of lignification
 j - a potion of invisibility {unknown}
 l - 3 potions of curing
 m - a potion of cancellation {unknown}
 o - 2 potions of mutation {unknown}
 s - a potion of degeneration {unknown}
 v - 2 potions of attraction {unknown}
 z - a potion of brilliance {unknown}


   Skills:
 + Level 0.4 Fighting
 + Level 1.7 Armour
 + Level 3.2 Dodging
 + Level 3.5 Stealth
 + Level 13.1 Spellcasting
 + Level 6.0 Conjurations
 + Level 11.2 Fire Magic
 + Level 1.3 Alchemy


You had 24 spell levels left.
You knew the following spells:

 Your Spells              Type           Power      Damage    Failure   Level
a - Foxfire               Conj/Fire      100%       2x1d9     1%          1
b - Scorch                Fire           100%       2d9       1%          2
c - Flame Wave            Conj/Fire      74%        2d16      1%          4
d - Sticky Flame          Fire/Alch      64%        2d11      4%          4

Your spell library contained the following spells:

 Spells                   Type           Power      Damage    Failure   Level
 Inner Flame              Hex/Fire       61%        N/A       1%          3
 Volatile Blastmotes      Fire/Tloc      100%       2d18      1%          3
 Call Canine Familiar     Summ           16%        N/A       17%         3
 Gell's Gravitas          Tloc           16%        N/A       17%         3
 Sigil of Binding         Hex            16%        N/A       17%         3
 Teleport Other           Tloc           16%        N/A       17%         3
 Dimensional Bullseye     Hex/Tloc       8%         N/A       50%         4
 Dispersal                Tloc           8%         N/A       100%        6


Dungeon Overview and Level Annotations

Branches:
Dungeon (8/15)             Temple (1/1) D:6           Sewer (visited)
   Lair: D:8-11

Altars:
Ashenzari
Cheibriados
Dithmenos
Elyvilon
Fedhas
Gozag
Hepliaklqana
Kikubaaqudgha
Makhleb
Nemelex Xobeh
Okawaru
Qazlal
Ru
Sif Muna
Trog
Uskayaw
Vehumet
Wu Jian
Xom
Yredelemnul
Zin
The Shining One

Shops:
D:3 ?   D:8 [

Annotations:
D:4 1 runed translucent door, Storm's ghost, amateur MiFi
D:8 1 transporter, DEFE's ghost, novice CoFi


Message History

The gnoll zaps a wand.
You suddenly lose the ability to move!
The gnoll sergeant hits you from afar with the +3 trident "Ytuxeifamp"!
You are more poisoned.
You feel very sick. The gnoll hits you but does no damage.
The gnoll sergeant hits you from afar with the +3 trident "Ytuxeifamp".
You can move again.
You feel very sick.
The gnoll sergeant is no longer more vulnerable to fire.
The gnoll sergeant attacks as it pursues you!
The gnoll sergeant hits you from afar with the +3 trident "Ytuxeifamp"!
* * * LOW HITPOINT WARNING * * *
You are more poisoned.
The gnoll hits you with a +0 spear.
* * * LOW HITPOINT WARNING * * *
You feel much better.
You feel extremely sick.
The gnoll is no longer more vulnerable to fire.
The gnoll closely misses you. The gnoll sergeant barely misses you.
The gnoll closely misses you.
You feel better.
The gnoll is no longer moving quickly.
The gnoll barely misses you. The gnoll sergeant closely misses you.
The gnoll barely misses you.
Casting: Scorch (safe; 1% risk of failure)
Confirm with . or Enter, or press ? or * to list all spells.
Casting: Flame Wave (dangerous; 1% risk of failure)
Press: ? - help, Dir - look around, f - activate You feel a surge of power!
A wave of flame ripples out!
The flame wave engulfs DEFE's ghost!!
DEFE's ghost is moderately damaged.
The flame wave engulfs the gnoll!
You kill the gnoll!
Sif Muna accepts your kill. (Press . to intensify the flame waves.) DEFE's ghost hits you!
* * * LOW HITPOINT WARNING * * *
The gnoll hits you from afar with a +2 vampiric halberd.
* * * LOW HITPOINT WARNING * * *
The gnoll sergeant hits you from afar with the +3 trident "Ytuxeifamp"!
You die...

####.###.≈≈#..###g###..#≈≈..# #
#...#.≈≈#g..........#≈≈..# #
###...≈≈###.##'##.###≈≈..# #
#...≈≈..#.#. #.#..≈≈..# #
#...≈≈.##.# #.##.≈≈..# #
#.#.≈≈.#gg# #.g#.≈≈.## #
#...≈≈.##.#####.##.≈≈.# #
###.....#g#߆ß#.#..≈≈.# #
#....©#gW@©g).#©.~~.# #
#.....#.#$).#.#..≈≈.#
########.≈≈.##.##)##.##.≈≈.###
.∩....(#.≈≈.#©g#...#.g#.≈≈...#
<.#....#.≈≈.##.#⌠.⌠#.##.≈≈.#.###
......##.≈≈..#.#...#g#..≈≈.#...#
...<..+..≈≈###.##'##.###≈≈...#.##
......##.≈≈#...........#≈≈.#.#...
.........≈≈#..###g###..#≈≈.#.####


You could see a gnoll sergeant, DEFE's ghost and 2 gnolls.

Vanquished Creatures
  A kobold demonologist (D:6)
  Prince Ribbit (D:5)
  Sigmund (D:2)
  A wyvern (D:8)
  Grum (D:8)
  Edmund (D:5)
  3 water moccasins
  Duvessa (D:6)
  3 ice beasts
  An orc warrior (D:8)
  A sky beast (D:8)
  A black bear (D:8)
  4 wolves (D:8)
  A centaur (D:6)
  4 ogres
  A phantom (D:7)
  9 kobold brigands
  2 gnoll sergeants
  A scorpion (D:6)
  8 wights
  Dowan (D:6)
  4 howler monkeys
  2 bombardier beetles (D:4)
  2 gnoll boudas (D:8)
  2 orc priests
  4 hounds
  A jelly (D:8)
  4 sleepcaps
  Natasha (thrice) (D:2)
  3 iguanas
  4 orc wizards
  25 gnolls
  11 adders
  3 river rats (Sewer)
  A shadow imp (D:5)
  2 white imps
  4 dart slugs
  7 ribbon worms
  19 orcs
  9 ball pythons
  10 endoplasms
  3 giant cockroaches
  4 goblins
  11 hobgoblins
  11 jackals
  9 quokkas
  7 bats
  4 frilled lizards
  13 kobolds
  9 rats
238 creatures vanquished.

Vanquished Creatures (others)
  674 foxfires
674 creatures vanquished.

Grand Total: 912 creatures vanquished

Notes
Turn   | Place    | Note
-------+----------+-------------------------------------------
     0 | D:1      | funkygono the Deep Elf Fire Elementalist began the quest
                  | for the Orb.
     0 | D:1      | Reached XP level 1. HP: 10/10 MP: 6/6
   182 | D:1      | Reached XP level 2. HP: 12/15 MP: 5/8
   185 | D:1      | Learned a level 2 spell: Scorch
   275 | D:1      | Found a faded altar of an unknown god.
   803 | D:1      | Reached XP level 3. HP: 19/19 MP: 3/9
  1149 | D:2      | Reached skill level 4 in Spellcasting
  1256 | D:2      | Reached XP level 4. HP: 24/24 MP: 10/12
  1311 | D:2      | Learned a level 4 spell: Flame Wave
  1752 | D:2      | Found an ancient bone altar of Kikubaaqudgha.
  1865 | D:2      | Noticed Sigmund
  1869 | D:2      | Killed Sigmund
  1870 | D:2      | Reached skill level 5 in Spellcasting
  1870 | D:2      | Reached skill level 5 in Fire Magic
  1870 | D:2      | Reached XP level 5. HP: 22/28 MP: 5/15
  2005 | D:2      | Noticed Natasha
  2009 | D:2      | Killed Natasha
  2010 | D:2      | Reached skill level 6 in Spellcasting
  2010 | D:2      | Reached XP level 6. HP: 23/32 MP: 12/17
  2010 | D:2      | Noticed Natasha
  2012 | D:2      | Killed Natasha
  2163 | D:2      | Noticed Natasha
  2199 | D:2      | Killed Natasha
  2698 | D:3      | Found Jorhek's Magic Scroll Boutique.
  3441 | D:3      | Identified a scroll of acquirement
  3441 | D:3      | Acquired a staff of fire
  3719 | D:4      | Found a runed translucent door.
  3886 | D:4      | Reached XP level 7. HP: 36/36 MP: 14/19
  3889 | D:4      | Reached skill level 7 in Spellcasting
  4435 | D:4      | Noticed Storm's ghost (amateur MiFi)
  4453 | D:4      | Learned a level 4 spell: Sticky Flame
  4457 | D:5      | Entered Level 5 of the Dungeon
  4760 | D:5      | Noticed Edmund
  4772 | D:5      | Killed Edmund
  4773 | D:5      | Reached skill level 8 in Spellcasting
  4921 | D:5      | Reached XP level 8. HP: 41/41 MP: 15/22
  5007 | D:5      | Noticed Prince Ribbit
  5011 | D:5      | Killed Prince Ribbit
  5012 | D:5      | Reached skill level 9 in Spellcasting
  5500 | D:5      | Found a white marble altar of Elyvilon.
  5507 | D:5      | Found a hide-covered altar of Uskayaw.
  5513 | D:5      | Found a glowing golden altar of the Shining One.
  5513 | D:5      | Found a sparkling altar of Nemelex Xobeh.
  5516 | D:5      | Found a burning altar of Makhleb.
  6357 | D:6      | Reached skill level 10 in Spellcasting
  6435 | D:6      | Found a glowing drain.
  6444 | Sewer    | Entered a sewer
  6965 | Sewer    | Reached XP level 9. HP: 43/46 MP: 18/25
  7444 | D:6      | Found a staircase to the Ecumenical Temple.
  7456 | Temple   | Entered the Ecumenical Temple
  7466 | Temple   | Became a worshipper of Sif Muna the Loreminder
  7663 | D:6      | Reached skill level 5 in Conjurations
  7839 | D:6      | Noticed a kobold demonologist
  7852 | D:6      | Noticed a smoke demon
  7856 | D:6      | Killed a kobold demonologist
  7857 | D:6      | Reached skill level 11 in Spellcasting
  7954 | D:6      | Noticed Duvessa
  7954 | D:6      | Noticed Dowan
  7965 | D:6      | Killed Duvessa
  7966 | D:6      | Killed Dowan
  8049 | D:6      | Reached skill level 10 in Fire Magic
  8050 | D:6      | Reached skill level 1 in Alchemy
  8531 | D:7      | Reached skill level 1 in Armour
  8640 | D:7      | Reached * piety under Sif Muna
  8816 | D:7      | Reached skill level 12 in Spellcasting
  9368 | D:8      | Reached XP level 10. HP: 51/51 MP: 10/28
  9470 | D:8      | Found Witola's Antique Armour Shoppe.
  9560 | D:8      | Bought a pair of embroidered gloves for 180 gold pieces
  9622 | D:8      | Reached ** piety under Sif Muna
  9714 | D:8      | Found a transporter.
  9714 | D:8      | Found a transporter.
  9715 | D:8      | Noticed DEFE's ghost (novice CoFi)
  9722 | D:8      | Identified the +3 trident "Ytuxeifamp" {venom, Fly Will-
                  | Str+7}
  9722 | D:8      | Identified the +5 ring mail of the Kraken {*Slow rN+
                  | Regen+}
  9722 | D:8      | Identified the +0 buckler "Damnable Contraption" {Regen+}
  9722 | D:8      | Identified the ring "Voath" {Wiz Str+5}
 10318 | D:8      | Noticed Grum
 10322 | D:8      | Reached skill level 13 in Spellcasting
 10325 | D:8      | Killed Grum
 10330 | D:8      | Paralysed by a gnoll for 2 turns
 10332 | D:8      | HP: 2/51 [gnoll/+0 spear (2)]
 10335 | D:8      | Slain by a gnoll sergeant

Illustrated notes

Levels and vault maps discovered:
D:1:      roderic_crossed_star, layout_rooms, nicolae_ecumenical_lake_church,
          st_stairs_5, nicolae_concentric_dashed_squares_mild
D:2:      layout_basic, basic_altar, minmay_pentomino_u2, uniq_sigmund,
          uniq_natasha
D:3:      layout_basic, serial_shops, nicolae_shop_just_a_little_nook
D:4:      layout_basic, ebering_ghost_reflecting_pool
D:5:      layout_layer_cave, minitemple, nicolae_fountain_basement,
          uniq_prince_ribbit1, uniq_edmund
D:6:      minmay_opposing_rooms, layout_loops_cross,
          minmay_temple_entry_water_ring, portal_sewer_entry_d, uniq_duvessa
D:7:      layout_cave_pools, st_stairs_10
D:8:      layout_basic, serial_shops, shop, gammafunk_ghost_gnarly_gnolls
Temple:   sentei_temple_godly_chess

Skill      XL: |  1  2  3  4  5  6  7  8  9 10 |
---------------+-------------------------------+-----
Fire Magic     | 4 5 6 8 10 11 | 11.2
Spellcasting   | 4 5 6 8 10 12 13 | 13.1
Conjurations   | 2 3 4 5 6 |  6.0
Stealth        | 3 |  3.5
Alchemy        | 1 |  1.3
Armour         | 1 |  1.7
Dodging        | 3 |  3.2
Fighting       | |  0.4

Action                     |  1- 3 |  4- 6 |  7- 9 | 10-12 || total
---------------------------+-------+-------+-------+-------++-------
  Melee: Unarmed           |     1 |       |       |       ||     1
         Dagger            |     1 |       |       |       ||     1
         Staff             |       |       |     4 |     1 ||     5
   Cast: Foxfire           |    50 |   104 |   204 |    30 ||   388
         Scorch            |     6 |    25 |    82 |    13 ||   126
         Flame Wave        |       |       |     4 |     4 ||     8
         Sticky Flame      |       |       |     2 |       ||     2
    Use: Scroll            |       |    13 |     5 |       ||    18
         Potion            |       |       |     1 |     4 ||     5
 Armour: Robe              |     8 |     6 |    16 |       ||    30
         Leather armour    |       |       |     8 |    24 ||    32
  Dodge: Dodged            |    14 |     5 |    35 |    29 ||    83

Table legend: (Time is in decaauts)
 A = Elapsed time spent in this place.
 B = Non-inter-level travel time spent in this place.
 C = Inter-level travel time spent in this place.
 D = Time resting spent in this place.
 E = Time spent auto-exploring this place.
 F = Levels seen in this place.
 G = Mean time per level.
                   A        B        C        D        E       F      G
               +--------+--------+--------+--------+--------+-----+--------+
         Total |  10518 |  10340 |    178 |    372 |   8436 |  10 | 1051.8 |
       Dungeon |   9365 |   9194 |    171 |    372 |   7485 |   8 | 1170.6 |
        Temple |     17 |     10 |      7 |      0 |      0 |   1 |   17.0 |
         Sewer |   1135 |   1135 |      0 |      0 |    951 |   1 | 1135.0 |
               +--------+--------+--------+--------+--------+-----+--------+

Top non-repeatable levels by time:
     D:5: 1755 daAuts
     D:3: 1226 daAuts
     D:6: 1219 daAuts
     D:8: 1203 daAuts
     D:1: 1143 daAuts
   Sewer: 1135 daAuts
     D:2: 1127 daAuts
     D:4: 959 daAuts
     D:7: 729 daAuts
  Temple: 17 daAuts
